 Seeded DCSS version 0.29-a0-577-gafbf2c5d25 (webtiles) character file.

Game seed: 20220612 (custom seed)

355 muata89 the Firebug (level 6, -2/47 HPs)
             Began as a Human Cinder Acolyte on June 12, 2022.
             Was an Elder of Ignis.
             Slain by a gnoll
             ... wielding a +0 spear
             ... led by a gnoll shaman
              (7 damage)
             ... on level 4 of the Dungeon on June 13, 2022.
             The game lasted 00:19:49 (4019 turns).

muata89 the Firebug (Human Cinder Acolyte)          Turns: 4019, Time: 00:19:50

Health: -2/47      AC:  3    Str: 20    XL:     6   Next: 95%
Magic:  0/11       EV: 11    Int: 17    God:    Ignis [****..]
Gold:   358        SH:  0    Dex:  8    Spells: 6/12 levels left

rFire   + . .      SeeInvis .   E - staff of conjuration
rCold   . . .      Faith    .   (no shield)
rNeg    . . .      Spirit   .   b - +0 robe
rPois   .          Reflect  .   (no helmet)
rElec   .          Harm     .   (no cloak)
rCorr   .          Rampage  .   x - +0 pair of gloves
Will    .....                   (no boots)
Stlth   +.........              (no amulet)
HPRegen 0.15/turn               B - +6 ring of strength
MPRegen 0.12/turn               (no ring)

@: no status effects
A: no striking features
a: Renounce Religion, Fiery Armour, Foxfire Swarm


You were on level 4 of the Dungeon.
You worshipped Ignis.
Ignis was greatly pleased with you.
You visited 1 branch of the dungeon, and saw 4 of its levels.

You collected 358 gold pieces.

Inventory:

Hand Weapons
 a - a -1 mace of flaming
 s - a +0 quarterstaff
 w - a +0 vorpal spear
 A - the +6 whip of the Pure Nightcaps {venom, Str+2}
   (You took it off a hobgoblin on level 3 of the Dungeon)

   It poisons the flesh of those it strikes.
   Str:       It affects your strength (+2).
Missiles
 h - 4 atropa-tipped darts (quivered)
 D - 7 poisoned darts
Armour
 b - a +0 robe (worn)
 k - a +0 scale mail
 x - a +0 pair of gloves (worn)
Magical Staves
 E - a staff of conjuration (weapon)
Jewellery
 B - a +6 ring of strength (left hand)
Wands
 n - a wand of digging (4)
 F - a wand of flame (29)
Scrolls
 d - a scroll of fear {unknown}
 i - 6 scrolls of identify {unknown}
 l - 2 scrolls of vulnerability {unknown}
 m - a scroll of magic mapping {unknown}
 p - 2 scrolls of teleportation {unknown}
 r - 2 scrolls of enchant armour {unknown}
 t - 2 scrolls of summoning {unknown}
 u - a scroll of immolation {unknown}
 y - a scroll of fog {unknown}
Potions
 c - 4 potions of degeneration {unknown}
 e - 2 potions of heal wounds {unknown}
 f - 3 potions of curing {unknown}
 g - a potion of cancellation {unknown}
 j - 3 potions of mutation {unknown}
 o - 2 potions of ambrosia {unknown}
 q - a potion of flight {unknown}
 v - a potion of invisibility {unknown}
 z - 3 potions of attraction {unknown}
 C - a potion of lignification {unknown}


   Skills:
 - Level 3.0 Fighting
 - Level 3.6 Maces & Flails
 + Level 3.6 Spellcasting
 + Level 2.1 Conjurations
 - Level 4.3 Fire Magic
 + Level 2.1 Earth Magic


You had 6 spell levels left.
You knew the following spells:

 Your Spells              Type           Power      Damage    Failure   Level
a - Scorch                Fire           34%        2d6       4%          2
b - Foxfire               Conj/Fire      84%        2x1d8     4%          1
c - Stone Arrow           Conj/Erth      30%        3d8       21%         3

Your spell library contained the following spells:

 Spells                   Type           Power      Damage    Failure   Level
 Sandblast                Erth           20%        2d7       7%          1
 Conjure Flame            Conj/Fire      21%        6-21      13%         3
 Passwall                 Tmut/Erth      5%         N/A       16%         2
 Inner Flame              Hex/Fire       10%        N/A       21%         3
 Flame Wave               Conj/Fire      21%        2d7       41%         4
 Irradiate                Conj/Tmut      5%         3d15      96%         5
 Blade Hands              Tmut           1%         N/A       99%         5
 Dragon Form              Tmut           1%         N/A       100%        7


Dungeon Overview and Level Annotations

Branches:
Dungeon (4/15)
 Temple: D:4-7

Altars:

Annotations:
D:4 1 runed translucent door, DocClef's ghost, amateur GnDe


Message History

The gnoll hits you from afar with a +0 spear.
The gnoll attacks as you move away! The gnoll barely misses you.
The gnoll hits you but does no damage. The gnoll barely misses you.
The gnoll attacks as you move away!
The gnoll hits you but does no damage. x2
Casting: Scorch (safe; 4% risk of failure)
Confirm with . or Enter, or press ? or * to list all spells.
Flames lash the gnoll.
The gnoll is heavily wounded.
The gnoll's fire resistance burns away.
The gnoll hits you with a +0 club. x2
Unknown command.
You hit the gnoll.
The gnoll is severely wounded.
The gnoll hits you with a +0 club. The gnoll barely misses you.
Your magical contamination has completely faded away.
You hit the gnoll.
The gnoll is almost dead.
The gnoll closely misses you.
You barely miss the gnoll.
The gnoll is almost dead.
The gnoll closely misses you. The gnoll hits you with a +0 club.
You hit the gnoll.
You kill the gnoll!
Casting: Scorch (safe; 4% risk of failure)
Confirm with . or Enter, or press ? or * to list all spells.
Flames lash the gnoll.
The gnoll is heavily wounded.
The gnoll's fire resistance burns away.
The gnoll hits you with a +0 club!
* * * LOW HITPOINT WARNING * * *
The gnoll hits you from afar with a +0 spear.
* * * LOW HITPOINT WARNING * * *
You hit the gnoll.
The gnoll is moderately wounded.
The gnoll closely misses you. The gnoll hits you with a +0 club.
* * * LOW HITPOINT WARNING * * *
You hit the gnoll.
The gnoll is heavily wounded.
The gnoll hits you but does no damage.
The gnoll hits you from afar with a +0 spear!
You die...

#............#..######
#................g.g..
#...........))#v#####.
#.............#..#
#.............#..#
........##=# #######g#
># #g# .# #@# .#
#....# ######


You could see 2 gnolls.

Vanquished Creatures
  A phantom (D:4)
  2 hounds (D:4)
  A gnoll shaman (D:4)
  3 adders
  7 gnolls
  4 worms (D:2)
  2 dart slugs
  2 orcs
  6 ball pythons
  6 endoplasms
  3 giant cockroaches
  7 goblins
  10 hobgoblins
  8 jackals
  3 quokkas (D:2)
  4 bats
  2 frilled lizards (D:3)
  11 kobolds
  2 rats
84 creatures vanquished.

Vanquished Creatures (others)
  71 foxfires (D:4)
71 creatures vanquished.

Grand Total: 155 creatures vanquished

Notes
Turn   | Place    | Note
-------+----------+-------------------------------------------
     0 | D:1      | muata89 the Human Cinder Acolyte began the quest for the
                  | Orb.
     0 | D:1      | Reached XP level 1. HP: 18/18 MP: 2/2
     0 | D:1      | Upgraded the game from 0.29-a0-563-g64e4043184 to
                  | 0.29-a0-575-g0dc89cf053
    58 | D:1      | Reached XP level 2. HP: 24/24 MP: 3/3
    79 | D:1      | Learned a level 2 spell: Scorch
   296 | D:1      | Found a faded altar of an unknown god.
   494 | D:1      | Reached XP level 3. HP: 6/29 MP: 0/5
  1405 | D:2      | Reached XP level 4. HP: 35/35 MP: 1/6
  1993 | D:2      | Learned a level 1 spell: Foxfire
  1997 | D:2      | Learned a level 3 spell: Stone Arrow
  2595 | D:3      | Reached skill level 4 in Fire Magic
  2659 | D:3      | Identified the +6 whip of the Pure Nightcaps {venom, Str+2}
  2896 | D:3      | Reached XP level 5. HP: 41/41 MP: 1/8
  3414 | D:4      | Noticed a phantom
  3572 | D:4      | Killed a phantom
  3573 | D:4      | Reached skill level 1 in Conjurations
  3573 | D:4      | Reached skill level 1 in Earth Magic
  3573 | D:4      | Reached XP level 6. HP: 40/47 MP: 3/10
  3793 | D:4      | Upgraded the game from 0.29-a0-575-g0dc89cf053 to
                  | 0.29-a0-577-gafbf2c5d25
  3973 | D:4      | Found a runed translucent door.
  3978 | D:4      | Noticed DocClef's ghost (amateur GnDe)
  4019 | D:4      | Slain by a gnoll

Illustrated notes

Levels and vault maps discovered:
D:1:      nicolae_arrival_washed_ashore, layout_loops_ring,
          ebering_ecumenical_altar_webs
D:2:      layout_basic
D:3:      layout_rooms, minmay_pentangle
D:4:      layout_basic, lemuel_round_altar, ebering_ghost_sewer_d

Skill      XL: |  1  2  3  4  5  6 |
---------------+-------------------+-----
Spellcasting   | 2 3 |  3.6
Fire Magic     | 4 |  4.3
Conjurations   | 1 2 |  2.1
Earth Magic    | 1 2 |  2.1
Fighting       | |  3.0
Maces & Flails | |  3.6

Action                   |  1- 3 |  4- 6 || total
-------------------------+-------+-------++-------
Melee: Mace              |    48 |    11 ||    59
       Punch             |     1 |       ||     1
       Whip              |       |    19 ||    19
       Staff             |       |    14 ||    14
Throw: Dart              |       |     2 ||     2
 Cast: Scorch            |    13 |    47 ||    60
       Foxfire           |       |    23 ||    23
Invok: Fiery Armour      |     1 |       ||     1
       Rising Flame      |       |     1 ||     1
       Foxfire Swarm     |       |     2 ||     2
Armor: Robe              |    16 |    11 ||    27
Dodge: Dodged            |    39 |    47 ||    86

Table legend: (Time is in decaauts)
 A = Elapsed time spent in this place.
 B = Non-inter-level travel time spent in this place.
 C = Inter-level travel time spent in this place.
 D = Time resting spent in this place.
 E = Time spent auto-exploring this place.
 F = Levels seen in this place.
 G = Mean time per level.
                   A        B        C        D        E       F      G
               +--------+--------+--------+--------+--------+-----+--------+
         Total |   4029 |   3949 |     80 |    897 |   2255 |   4 | 1007.2 |
       Dungeon |   4029 |   3949 |     80 |    897 |   2255 |   4 | 1007.2 |
               +--------+--------+--------+--------+--------+-----+--------+

Top non-repeatable levels by time:
     D:2: 1274 daAuts
     D:1: 1108 daAuts
     D:3: 1027 daAuts
     D:4: 618 daAuts
